 Dungeon Crawl Stone Soup version 0.31-a0-277-g31ea1f65cc (webtiles) character file.

Game seed: 3378441060781104446

2183 Sabo the Gusty (level 8, 0/59 (62) HPs)
             Began as a Demigod Air Elementalist on July 15, 2023.
             Slain by a wight
             ... wielding a +0 trident
              (11 damage)
             ... on level 7 of the Dungeon.
             The game lasted 00:51:36 (8550 turns).

Sabo the Gusty (Demigod Air Elementalist)           Turns: 8550, Time: 00:51:36

HP:   0/59 (62)     AC:  8    Str:  8    XL:     8   Next: 87%
MP:   28/28         EV: 14    Int: 29    God:
Gold: 451           SH:  0    Dex: 19    Spells: 6/16 levels left

rFire   . . .        l - +5 short sword (drain)
rCold   . . .        (no shield)
rNeg    . . .        a - +0 robe
rPois   .            u - +1 helmet
rElec   .            s - +0 cloak
rCorr   .            (no gloves)
SInv    .            p - +2 pair of boots {rampage}
Will    +....        B - amulet of magic regeneration
Stlth   +            o - +6 ring of dexterity
HPRegen 0.29/turn    z - ring of magical power
MPRegen 0.61/turn

%: rampage
@: confused, ambrosia-drunk, lightly drained
A: high MP 1, forlorn, divine attributes, clever 1, strong-willed 1, MP-powered
wands
a: no special abilities


You were on level 7 of the Dungeon.
You visited 1 branch of the dungeon, and saw 7 of its levels.
You also visited: Sewer.

You collected 481 gold pieces.
You spent 30 gold pieces at shops.

Inventory:

Hand Weapons
 l - a +5 short sword of draining (weapon)
 t - a +0 trident of flaming
 y - a +2 falchion of holy wrath
 E - a +1 heavy war axe
 F - a +0 orcbow
Missiles
 f - 4 boomerangs (quivered)
 n - 9 poisoned darts
 r - 6 atropa-tipped darts
 w - 5 javelins
Armour
 a - a +0 robe (worn)
 j - a +0 leather armour
 p - a +2 pair of boots of rampaging (worn)
 s - a +0 cloak (worn)
 u - a +1 helmet (worn)
Magical Staves
 d - a staff of fire
Jewellery
 c - a ring of protection from cold
 o - a +6 ring of dexterity (left hand)
 z - a ring of magical power (right hand)
 B - an amulet of magic regeneration (around neck)
Wands
 G - a wand of charming (8)
Scrolls
 i - 3 scrolls of teleportation
 k - 3 scrolls of poison
 C - a scroll of acquirement {unknown}
 H - a scroll of amnesia
Potions
 b - 4 potions of magic
 e - 2 potions of ambrosia
 g - a potion of berserk rage {unknown}
 h - 3 potions of haste
 m - 5 potions of mutation
 q - 2 potions of invisibility {unknown}
 v - a potion of might {unknown}
 x - a potion of enlightenment {unknown}
 A - a potion of heal wounds {unknown}
 D - a potion of lignification {unknown}


   Skills:
 + Level 2.5 Fighting
 + Level 3.4 Short Blades
 + Level 0.9(1.4) Axes
 + Level 1.6(1.8) Polearms
 + Level 3.8 Dodging
 + Level 3.7 Stealth
 + Level 4.9 Spellcasting
 + Level 4.2 Conjurations
 + Level 5.8 Air Magic


You had 6 spell levels left.
You knew the following spells:

 Your Spells              Type           Power      Damage    Failure   Level
a - Shock                 Conj/Air       100%       1d9       1%          1
b - Airstrike             Air            20%        2d(3-19)  5%          4
c - Slow                  Hex            28%        N/A       6%          1
d - Iskenderun's Mystic   Conj/Tloc      19%        2d6       26%         4

Your spell library contained the following spells:

 Spells                   Type           Power      Damage    Failure   Level
 Static Discharge         Conj/Air       72%        2-5/arc   1%          2
 Swiftness                Air            41%        N/A       1%          3
 Ensorcelled Hibernation  Hex/Ice        14%        N/A       10%         2
 Confusing Touch          Hex            7%         N/A       19%         3
 Portal Projectile        Hex/Tloc       14%        N/A       19%         3
 Tukima's Dance           Hex            7%         N/A       19%         3
 Vampiric Draining        Necr           7%         2d6       19%         3
 Anguish                  Hex/Necr       3%         N/A       54%         4
 Cause Fear               Hex            3%         N/A       54%         4
 Passage of Golubria      Tloc           7%         N/A       54%         4
 Yara's Violent Unravell  Hex/Tmut       3%         3d4       87%         5
 Enfeeble                 Hex            3%         N/A       100%        7


Dungeon Overview and Level Annotations

Branches:
Dungeon (7/15)              Sewer (visited)
 Temple: D:4-7

Shops:
D:4 !   D:5 =


Innate Abilities, Weirdness & Mutations

You have an increased reservoir of magic. (+10% MP)
You shall have no god before yourself.
Your divine heritage dramatically boosts your attributes as you level up.
Your mind is acute. (Int +4, Str/Dex -1)
You are strong-willed. (Will+)
You expend magic power (3 MP) to strengthen your wands.


Message History

Press: ? - help, Shift-Dir - straight line The zap hits the wight.
The wight is almost destroyed.
The zap hits the wight.
The wight is almost destroyed.
The wight barely misses you. The wight hits you but does no damage.
The wight hits you from afar with a +0 trident.
You feel drained.
Casting: Shock (safe; 1% risk of failure)
Confirm with . or Enter, or press ? or * to list all spells.
Aiming: Shock (safe; 1% risk of failure)
Press: ? - help, Shift-Dir - straight line The zap hits the wight.
You destroy the wight!
The zap hits the wight.
You destroy the wight!
The wight hits you from afar with a +0 trident.
You feel drained. The wight hits you with a +2 flail.
You barely miss the wight.
The wight is heavily damaged.
The wight completely misses you. The wight closely misses you.
You hit the wight.
The wight is severely damaged.
The wight closely misses you. The wight barely misses you.
You hit the wight but do no damage.
The wight is severely damaged.
The wight hits you from afar with a +0 trident.
The wight hits you with a +2 flail!
You closely miss the wight.
The wight is severely damaged.
You barely miss the wight.
The wight is severely damaged.
The wight hits you from afar with a +0 trident!
* * * LOW HITPOINT WARNING * * *
The wight hits you with a +2 flail.
* * * LOW HITPOINT WARNING * * *
You are confused.
You feel invigorated.
The wight hits you from afar with a +0 trident!
You die...

#...#......#..#.
#..##......##....
#..#........#...
#..#........#.. #
#..##......##.##.#
##..#......#......
#..##....##...# ###
##..#....#..###PPPPP
##.........@z=P$$$P
###########)#P$$$P
)z.


$$P .#PPP P ......# ## #### You could see 2 wights.

Vanquished Creatures
  A wyvern (D:7)
  2 ice beasts
  3 ogres
  2 centaurs (D:6)
  A phantom (D:6)
  A kobold brigand (Sewer)
  A bullfrog (D:6)
  4 scorpions
  2 wights (D:7)
  5 hounds
  4 orc priests
  A gnoll bouda (D:5)
  3 jellies
  3 iguanas
  A sleepcap (D:6)
  5 orc wizards
  5 gnolls (D:5)
  9 adders
  A shadow imp (D:5)
  2 worms
  4 dart slugs
  22 orcs
  6 ball pythons
  6 bats
  5 endoplasms
  7 giant cockroaches
  5 goblins
  3 hobgoblins
  9 jackals
  19 kobolds
  8 quokkas
  A frilled lizard (D:3)
  12 rats
163 creatures vanquished.

Notes
Turn   | Place    | Note
-------+----------+-------------------------------------------
     0 | D:1      | Sabo the Demigod Air Elementalist began the quest for the
                  | Orb.
     0 | D:1      | Reached XP level 1. HP: 14/14 MP: 5/5
    99 | D:1      | Reached skill level 3 in Air Magic
   272 | D:1      | Reached XP level 2. HP: 20/20 MP: 1/7
   408 | D:1      | Reached skill level 1 in Conjurations
   851 | D:1      | Reached XP level 3. HP: 25/26 MP: 4/8
  2608 | D:3      | Reached XP level 4. HP: 21/33 MP: 10/10
  2797 | D:3      | Found a glowing drain.
  2801 | Sewer    | Entered a sewer
  3200 | Sewer    | Reached skill level 1 in Polearms
  3313 | Sewer    | Noticed a kobold brigand
  3328 | Sewer    | Killed a kobold brigand
  3329 | Sewer    | Reached XP level 5. HP: 31/39 MP: 8/11
  4575 | D:4      | Gained mutation: Your mind is acute. (Int +4, Str/Dex -1)
                  | [potion of mutation]
  4575 | D:4      | Gained mutation: You are strong-willed. (Will+) [potion of
                  | mutation]
  4575 | D:4      | Gained mutation: You expend magic power (3 MP) to
                  | strengthen your wands. [potion of mutation]
  4822 | D:4      | Reached skill level 1 in Fighting
  4831 | D:4      | Noticed an ogre
  4838 | D:4      | Killed an ogre
  4839 | D:4      | Reached skill level 1 in Short Blades
  4839 | D:4      | Reached skill level 4 in Air Magic
  4839 | D:4      | Reached XP level 6. HP: 47/47 MP: 13/13
  4999 | D:4      | Found Pekh's Distillery.
  5012 | D:4      | Bought a potion of curing for 30 gold pieces
  5334 | D:5      | Entered Level 5 of the Dungeon
  5351 | D:5      | Reached XP level 7. HP: 15/52 MP: 15/15
  5638 | D:5      | Reached skill level 5 in Air Magic
  5971 | D:5      | Found Toisteb's Jewellery Shoppe.
  6139 | D:5      | Reached XP level 8. HP: 53/61 MP: 17/17
  6461 | D:6      | Learned a level 4 spell: Airstrike
  8119 | D:6      | Learned a level 1 spell: Slow
  8124 | D:6      | Learned a level 4 spell: Iskenderun's Mystic Blast
  8550 | D:7      | Slain by a wight

Illustrated notes

Levels and vault maps discovered:
D:1:      ebering_trefoil_twist, layout_loops_ring, corner_web_ring,
          nrook_mini_vaults
D:2:      layout_basic, basic_altar, serial_glass, glass_columns_c,
          glass_columns_c, glass_columns_c, glass_columns_a, glass_columns_a,
          glass_columns_b, glass_columns_b, glass_columns_c
D:3:      layout_basic, overflow_temple_1_default, gup_sewer_entry_spiral
D:4:      layout_loops_ring, mainiacjoe_overflow_cross_hatched, serial_shops,
          shop
D:5:      layout_rooms, serial_shops, nicolae_shop_rolling_square
D:6:      layout_basic, minmay_puff
D:7:      layout_loops_ring, minmay_temple_entry_crystal_x,
          minmay_misc_feat_iff, minmay_gold_behind_fungi

Skill      XL: |  1  2  3  4  5  6  7  8 |
---------------+-------------------------+-----
Air Magic      | 3 4 5 |  5.8
Spellcasting   | 2 3 4 |  4.9
Conjurations   | 1 2 3 4 |  4.2
Dodging        | 2 3 |  3.8
Stealth        | 2 3 |  3.7
Polearms       | 1 |  1.6
Fighting       | 1 2 |  2.5
Short Blades   | 1 3 |  3.4
Axes           | |  0.9

Action                     |  1- 3 |  4- 6 |  7- 9 || total
---------------------------+-------+-------+-------++-------
  Melee: Unarmed           |     2 |       |       ||     2
         Staff             |    20 |       |       ||    20
         Punch             |     1 |       |     2 ||     3
         Hand axe          |    21 |       |       ||    21
         Trident           |    24 |    32 |       ||    56
         Short sword       |       |    61 |   101 ||   162
   Cast: Shock             |    80 |    90 |   103 ||   273
         Airstrike         |       |       |     1 ||     1
    Use: Scroll            |     5 |     5 |     8 ||    18
         Potion            |       |     1 |     4 ||     5
   Stab: Distracted        |     1 |       |     1 ||     2
         Sleeping          |     1 |     5 |       ||     6
 Armour: Robe              |    23 |    35 |    35 ||    93
  Dodge: Dodged            |    70 |    61 |    89 ||   220

Table legend: (Time is in decaauts)
 A = Elapsed time spent in this place.
 B = Non-inter-level travel time spent in this place.
 C = Inter-level travel time spent in this place.
 D = Time resting spent in this place.
 E = Time spent auto-exploring this place.
 F = Levels seen in this place.
 G = Mean time per level.
                   A        B        C        D        E       F      G
               +--------+--------+--------+--------+--------+-----+--------+
         Total |   8589 |   8589 |      0 |   2824 |      0 |   8 | 1073.6 |
       Dungeon |   8001 |   8001 |      0 |   2517 |      0 |   7 | 1143.0 |
         Sewer |    587 |    587 |      0 |    307 |      0 |   1 |  587.0 |
               +--------+--------+--------+--------+--------+-----+--------+

Top non-repeatable levels by time:
     D:6: 1670 daAuts
     D:1: 1456 daAuts
     D:3: 1195 daAuts
     D:2: 1145 daAuts
     D:5: 1101 daAuts
     D:4: 1011 daAuts
   Sewer: 587 daAuts
     D:7: 421 daAuts
